 Dungeon Crawl Stone Soup version 0.28-a0-1412-gf95308ed99 (webtiles) character file.

Game seed: 4220447304461834066

24175 browni3141 the Fighter (level 13, -3/106 HPs)
             Began as a Djinni Fire Elementalist on Jan 7, 2022.
             Was an Elder of Makhleb.
             Slain by a redback (12 damage)
             ... on level 3 of the Lair of Beasts.
             The game lasted 00:42:53 (21478 turns).

browni3141 the Fighter (Djinni Fire Elementalist)  Turns: 21478, Time: 00:42:54

Health: -3/106     AC:  2    Str:  7    XL:     13   Next: 40%
Gold:   696        EV: 14    Int: 21    God:    Makhleb [****..] SH:  0 Dex: 15

rFire   + + .      SeeInvis .   K - +0 long sword (elec)
rCold   x . .      Faith    .   (no shield)
rNeg    . . .      Spirit   .   a - +0 robe
rPois   ∞          Reflect  .   (no helmet)
rElec   .          Harm     .   (no cloak)
rCorr   .          Rampage  .   (no gloves)
Will    +....                   (boots unavailable)
Stlth   ++........              n - amulet of the acrobat
HPRegen 0.27/turn               (no ring)
MPRegen 0.00/turn               (no ring)

@: forested, flying, very slightly contaminated
A: sickness immunity, fire resistance 2, cold vulnerability 1, float, innate
caster, hp casting, extra vitality 1
a: Renounce Religion, Minor Destruction, Lesser Servant of Makhleb, Major
Destruction


You were on level 3 of the Lair of Beasts.
You worshipped Makhleb.
Makhleb was greatly pleased with you.
You visited 3 branches of the dungeon, and saw 15 of its levels.

You collected 718 gold pieces.
You spent 22 gold pieces at shops.

Inventory:

Hand Weapons
 e - a +0 dagger
 l - a +4 flail
 K - a +0 long sword of electrocution (weapon)
Missiles
 d - 66 poisoned darts
 u - a throwing net
 y - a curare-tipped dart
Armour
 a - a +0 robe (worn)
 j - an orb of wrath
Jewellery
 n - an amulet of the acrobat (around neck)
Wands
 x - a wand of iceblast (4)
 C - a wand of mindburst (15)
 D - a wand of digging (8)
 G - a wand of flame (8)
 L - a wand of acid (10)
Scrolls
 b - 2 scrolls of blinking
 c - 4 scrolls of noise
 f - a scroll of enchant weapon
 h - 3 scrolls of fog
 o - 2 scrolls of amnesia
 q - 2 scrolls of torment
 s - 3 scrolls of immolation
 t - 4 scrolls of teleportation
 w - a scroll of fear {unknown}
 z - 2 scrolls of silence {unknown}
 B - a scroll of brand weapon {unknown}
 E - 2 scrolls of enchant armour {unknown}
 I - 2 scrolls of magic mapping {unknown}
Potions
 g - a potion of berserk rage {unknown}
 i - 4 potions of curing {unknown}
 k - 3 potions of degeneration {unknown}
 m - 2 potions of haste {unknown}
 p - 8 potions of ambrosia
 r - 2 potions of resistance {unknown}
 v - 2 potions of heal wounds {unknown}
 A - 3 potions of attraction {unknown}
 F - a potion of magic {unknown}
 H - 2 potions of lignification {unknown}
 J - a potion of brilliance {unknown}


   Skills:
 * Level 14.7 Fighting
 * Level 4.6 Long Blades
 - Level 3.9 Maces & Flails
 - Level 5.0 Dodging
 - Level 1.5 Stealth
 + Level 8.5 Spellcasting
 + Level 8.9 Invocations


You couldn't memorise any spells.
You knew the following spells:

 Your Spells              Type           Power      Damage    Failure   Level
a - Foxfire               Conj/Fire      100%       2x1d9     1%          1
b - Scorch                Fire           88%        2d9       1%          2
c - Conjure Flame         Conj/Fire      44%        6-21      1%          3
d - Inner Flame           Hex/Fire       44%        N/A       1%          3
e - Flame Wave            Conj/Fire      44%        2d8       2%          4
f - Magic Dart            Conj           100%       1d8       1%          1
g - Corpse Rot            Necr/Air       88%        N/A       1%          2
h - Ensorcelled Hibernat  Hex/Ice        88%        N/A       1%          2
i - Leda's Liquefaction   Hex/Erth       22%        N/A       2%          4
j - Summon Forest         Summ/Tloc      22%        N/A       6%          5
k - Summon Mana Viper     Hex/Summ       44%        N/A       6%          5
Your spell library was empty.

Dungeon Overview and Level Annotations

Branches:
Dungeon (11/15)            Temple (1/1) D:6            Lair (3/6) D:10
 Spider (0/4) Lair:3          Orc (0/2) D:11
  Swamp: Lair:2-4    Shoals: Lair:2-4     Snake: Lair:2-4

Altars:
Ashenzari
Cheibriados
Dithmenos
Elyvilon
Fedhas
Gozag
Hepliaklqana
Kikubaaqudgha
Makhleb
Nemelex Xobeh
Okawaru
Qazlal
Ru
Sif Muna
Trog
Uskayaw
Vehumet
Wu Jian
Xom
Yredelemnul
Zin
The Shining One

Shops:
D:5 *   D:9 :   D:10 (   D:11 [

Portals:
Trove: D:10 (give 7 potions of haste)

Annotations:
D:4 3 runed translucent doors, AverageBear's ghost, novice DDFi; Urgle's ghost, amateur DsFi; frimble's ghost, amateur DsWr; oldmanjim's ghost, amateur MiFi; rogsnak's ghost, novice DsAE
D:8 1 runed translucent door, Shayle's ghost, novice DsWr


Innate Abilities, Weirdness & Mutations

You are immune to sickness and miasma.
You are immune to poison.
Your flesh is very heat resistant. (rF++)
You are vulnerable to cold. (rC-)
You float through the air rather than walking.
You learn spells naturally, not from books.
Your magical power is your life essence.
You have superior vitality. (+4 MHP)


Message History

You see here a wolf corpse.
Space becomes stable.
You hit the bush but do no damage.
The ground is no longer liquid beneath you.
A redback is nearby!
A redback is nearby!
Found 28 stones.
You now have 696 gold pieces (gained 18).
There are no items here.
A redback is nearby!
No target in view!
Found a hole to the Spider Nest.
Found a scroll of teleportation.
A redback comes into view.
You hit the redback.
The redback is lightly wounded.
The redback completely misses you. The redback closely misses you.
You hit the redback.
The redback is lightly wounded.
The redback barely misses you. The redback bites you! x2
The redback misses you.
Casting: Leda's Liquefaction (mildly dangerous; 2% risk of failure)
Confirm with . or Enter, or press ? or * to list all spells.
You miscast Summon Forest.
You are very lightly contaminated with residual magic.
Nothing appears to happen.
The redback bites you. The redback bites you!
* * * LOW HITPOINT WARNING * * *
Unknown command.
Unknown command.
Casting: Summon Forest (dangerous; 6% risk of failure)
Confirm with . or Enter, or press ? or * to list all spells.
A forested plane collides here with a resounding crunch!
Your dryad calls out to the forest.
The forest starts to sway and rumble!
* * * LOW HITPOINT WARNING * * *
The redback bites you but does no damage.
The redback bites you!
* * * LOW HITPOINT WARNING * * *
The redback bites you!
You die...

#..^ ^.. ##.... ##.≈♣.
...^.. #^#.≈≈. ...
...♣.....##^^^?≈≈♣
...... P.....#^^^≈≈≈^.
♣.... ♣...^..^>^≈≈...
#.#.## ♣..ss^^^≈...
##...P ##^..@#^^^...
♣#...# ##♣^^^^.R##
.#+.####♣#..♣♣^^...♣##..
.....[..##...♣##........
......<.+...........####
.......†..P........##
........#..........♣#
........#.+......(..#
........##.........+...


You could see 2 redbacks and a friendly dryad (summoned).

Vanquished Creatures
  2 two-headed ogres (D:8)
  A death yak (D:10)
  An ugly thing (D:11)
  A manticore (D:11)
  A black mamba (Lair:1)
  2 cane toads (Lair:1)
  A komodo dragon (Lair:1)
  A troll (D:11)
  A queen bee (Lair:1)
  A polar bear (Lair:1)
  2 slime creatures
  2 wyverns
  21 yaks
  2 water moccasins
  An ice beast (D:7)
  3 orc warriors
  2 sky beasts
  3 necrophages
  2 ogres
  2 wolves (Lair:2)
  8 centaurs
  A phantom (D:6)
  A kobold brigand (D:7)
  8 bullfrogs
  A gnoll sergeant (D:11)
  2 scorpions
  28 killer bees
  17 wights
  4 howler monkeys
  An electric eel (Lair:1)
  9 centaur zombies
  3 hounds
  5 orc priests
  A gnoll shaman (D:8)
  An iron imp (D:5)
  A jelly (D:5)
  Jessica (D:3)
  3 iguanas
  10 orc wizards
  A scorpion zombie (D:5)
  3 hound skeletons (D:4)
  A howler monkey zombie (D:10)
  A howler monkey skeleton (D:6)
  9 adders
  7 gnolls
  3 white imps
  An ufetubus (D:6)
  A worm (D:2)
  5 dart slugs
  32 orcs
  4 ball pythons (D:2)
  5 endoplasms
  3 giant cockroaches
  2 hobgoblins
  7 jackals
  16 kobolds
  3 quokkas
  9 bats
  6 frilled lizards
  11 goblins
  10 rats
297 creatures vanquished.

Vanquished Creatures (collateral kills)
  A centaur warrior (D:10)
  2 death yaks (D:10)
  The ghost of swinepaste the Nimble, a journeyman DEFE of Vehumet (D:10)
  A centaur zombie (D:11)
  4 komodo dragons
  2 trolls
  A hornet (D:11)
  4 dream sheep (Lair:2)
  A slime creature (D:9)
  3 wraiths
  12 yaks (Lair:2)
  A vampire (D:11)
  A wyvern (Lair:3)
  An acid dragon (D:11)
  A water moccasin (Lair:2)
  A black bear (Lair:2)
  An orc warrior (D:11)
  9 wolves
  A bullfrog (Lair:1)
  A kobold brigand (D:10)
  5 killer bees (Lair:1)
  A howler monkey (D:10)
  An orc priest (D:10)
  An orc wizard (D:10)
  A hell rat (D:10)
  7 orcs
  A kobold (D:10)
66 creatures vanquished.

Vanquished Creatures (others)
  5 dream sheep (D:6)
  753 foxfires
  16 fungi
  24 plants
  2 snaplasher vines (Lair:1)
800 creatures vanquished.

Grand Total: 1163 creatures vanquished

Notes
Turn   | Place    | Note
-------+----------+-------------------------------------------
     0 | D:1      | browni3141 the Djinni Fire Elementalist began the quest for
                  | the Orb.
     0 | D:1      | Reached XP level 1. HP: 15/15 MP: 0/0
    43 | D:1      | Reached skill level 1 in Fighting
    43 | D:1      | Reached XP level 2. HP: 8/22 MP: 0/0
   633 | D:1      | Reached XP level 3. HP: 26/27 MP: 0/0
   633 | D:1      | Learned a level 1 spell: Magic Dart
  1166 | D:2      | Reached skill level 2 in Fighting
  1319 | D:2      | Reached XP level 4. HP: 30/33 MP: 0/0
  2263 | D:3      | Reached XP level 5. HP: 38/40 MP: 0/0
  2263 | D:3      | Learned a level 2 spell: Corpse Rot
  2444 | D:3      | Reached skill level 3 in Fighting
  2448 | D:3      | Found an iron altar of Okawaru.
  2835 | D:3      | Reached XP level 6. HP: 43/46 MP: 0/0
  2852 | D:3      | Noticed Jessica
  2858 | D:3      | Killed Jessica
  3293 | D:4      | Found a runed translucent gate.
  3294 | D:4      | Found a runed translucent gate.
  3296 | D:4      | Found a runed translucent gate.
  3297 | D:4      | Noticed rogsnak's ghost (novice DsAE)
  3297 | D:4      | Noticed Urgle's ghost (amateur DsFi)
  3298 | D:4      | Noticed AverageBear's ghost (novice DDFi)
  3298 | D:4      | Noticed frimble's ghost (amateur DsWr)
  3298 | D:4      | Noticed oldmanjim's ghost (amateur MiFi)
  3308 | D:4      | Reached skill level 4 in Fighting
  3452 | D:4      | Found a basalt altar of Yredelemnul.
  3576 | D:4      | Noticed an ogre
  3581 | D:4      | Killed an ogre
  3582 | D:4      | Reached XP level 7. HP: 48/53 MP: 0/0
  3582 | D:4      | Learned a level 2 spell: Ensorcelled Hibernation
  3962 | D:5      | Entered Level 5 of the Dungeon
  3991 | D:5      | Reached skill level 5 in Fighting
  4154 | D:5      | Reached skill level 5 in Dodging
  4154 | D:5      | Reached XP level 8. HP: 4/61 MP: 0/0
  4482 | D:5      | Found Karacocu's General Store.
  4487 | D:5      | Bought a scroll of identify for 22 gold pieces
  4514 | D:5      | Reached skill level 6 in Fighting
  4624 | D:5      | Found a snail-covered altar of Cheibriados.
  5146 | D:6      | Found a staircase to the Ecumenical Temple.
  5273 | Temple   | Entered the Ecumenical Temple
  5478 | Temple   | Became a worshipper of Makhleb the Destroyer
  5760 | D:6      | Reached skill level 7 in Fighting
  6322 | D:6      | Reached XP level 9. HP: 59/70 MP: 0/0
  6322 | D:6      | Learned a level 4 spell: Leda's Liquefaction
  6336 | D:6      | Reached skill level 8 in Fighting
  6593 | D:6      | Reached skill level 5 in Spellcasting
  7004 | D:6      | Found a shimmering altar of Xom.
  7133 | D:6      | Reached skill level 1 in Invocations
  7635 | D:7      | Found a glowing silver altar of Zin.
  8208 | D:7      | Reached * piety under Makhleb
  8235 | D:7      | Found a hazy altar of Hepliaklqana.
  8268 | D:7      | Reached skill level 9 in Fighting
  8679 | D:7      | Found a bloodstained altar of Trog.
  8748 | D:7      | Found a blossoming altar of Fedhas.
  9217 | D:7      | Found a sacrificial altar of Ru.
  9335 | D:8      | Found a runed translucent door.
  9335 | D:8      | Found a shimmering altar of Xom.
  9335 | D:8      | Noticed Shayle's ghost (novice DsWr)
  9336 | D:8      | Noticed a +2 dagger of chaos
  9440 | D:8      | Noticed a two-headed ogre
  9458 | D:8      | Killed a two-headed ogre
  9459 | D:8      | Reached skill level 10 in Fighting
  9459 | D:8      | Reached XP level 10. HP: 52/80 MP: 0/0
  9705 | D:8      | Noticed a two-headed ogre
  9727 | D:8      | Killed a two-headed ogre
 10155 | D:8      | Reached skill level 5 in Invocations
 10168 | D:8      | Reached ** piety under Makhleb
 10169 | D:8      | Reached skill level 11 in Fighting
 10622 | D:8      | Reached XP level 11. HP: 28/87 MP: 0/0
 10622 | D:8      | Learned a level 5 spell: Summon Forest
 11605 | D:9      | Found Qaskiduj's Self-Improvement Boutique.
 11640 | D:9      | Reached skill level 12 in Fighting
 11893 | D:10     | Entered Level 10 of the Dungeon
 13002 | D:10     | Noticed a death yak
 13415 | D:10     | Noticed a centaur warrior
 13424 | D:10     | Killed a centaur warrior
 13625 | D:10     | Reached *** piety under Makhleb
 13771 | D:10     | Found Noheskupha's Antique Weapon Boutique.
 13976 | D:10     | Noticed a death yak
 13977 | D:10     | Noticed a death yak
 14025 | D:10     | Killed a death yak
 14026 | D:10     | Reached skill level 13 in Fighting
 14026 | D:10     | Reached skill level 1 in Maces & Flails
 14026 | D:10     | Reached XP level 12. HP: 42/98 MP: 0/0
 14033 | D:10     | Killed a death yak
 14054 | D:10     | Killed a death yak
 14356 | D:10     | Found a portal to a secret trove of treasure.
 14384 | D:10     | Found a staircase to the Lair.
 14389 | D:10     | Found a large runed translucent door.
 14390 | D:10     | Found a large runed translucent door.
 14511 | D:10     | Noticed swinepaste's ghost (journeyman DEFE)
 14594 | D:10     | Found a sparkling altar of Nemelex Xobeh.
 14693 | D:10     | Killed swinepaste's ghost
 15931 | D:11     | Found Imnaac's Armour Emporium.
 16107 | D:11     | Found a staircase to the Orcish Mines.
 17345 | Lair:1   | Entered Level 1 of the Lair of Beasts
 17656 | Lair:1   | Reached skill level 1 in Long Blades
 17668 | Lair:1   | Reached **** piety under Makhleb
 17673 | Lair:1   | Reached skill level 14 in Fighting
 18539 | Lair:1   | Reached XP level 13. HP: 85/105 MP: 0/0
 18539 | Lair:1   | Learned a level 5 spell: Summon Mana Viper
 19534 | Lair:2   | Found a glowing golden altar of the Shining One.
 21469 | Lair:3   | Found a hole to the Spider Nest.
 21478 | Lair:3   | Slain by a redback

Illustrated notes

Levels and vault maps discovered:
D:1:      lemuel_arrival_rhombus, layout_rooms
D:2:      layout_basic, st_stairs_5
D:3:      layout_loops_cross, okawaru_metal_pillars_3, uniq_jessica
D:4:      layout_rooms, overflow_temple_1_default, gammafunk_ghost_cemetery
D:5:      layout_rooms, chei_slow_surprise, serial_shops, kennysheep_little_box
D:6:      layout_layer_cave, kb_xom_exploding_sheep, minmay_temple_entry_mist
D:7:      layout_loops_ring, lemuel_tele_altar, fedhas_altar_1,
          mainiacjoe_overflow_cross_hatched, lemuel_doored_altar,
          lemuel_coloured_pillars_altar, enter_bailey_3
D:8:      layout_loops_cross, ebering_ghost_xom
D:9:      layout_rooms, nicolae_shop_self_help
D:10:     layout_cave_pools, nemelex_spade_bored_becter, dpeg_lair_monsters,
          serial_shops, shop, enter_trove_3, ebering_ghost_disaster_area,
          grunt_ministairs_9, patterned_corridor
D:11:     layout_gridville, orc_david_3, centaur_isle
Temple:   hc_temple_tempest_star
Lair:1:   layout_roguey [special_room_bee], grunt_megastairs_5,
          serial_bayou_shore_a, serial_bayou_shore_b
Lair:2:   layout_regular_city, basic_altar, serial_bayou_crossing
Lair:3:   layout_roguey, minmay_shoals_entry_hut, spider_nest_entry_webs,
          grunt_forest_large_clearing_hut

Skill      XL: |  1  2  3  4  5  6  7  8  9 10 11 12 13 |
---------------+----------------------------------------+-----
Fighting       | 1 2 3 4 5 7 10 11 13 14 | 14.7
Dodging        | 3 4 5 |  5.0
Spellcasting   | 3 4 6 7 8 |  8.5
Invocations    | 4 5 7 8 |  8.9
Maces & Flails | 1 3 |  3.9
Long Blades    | 2 4 |  4.6
Stealth        | |  1.5

Action                   |  1- 3 |  4- 6 |  7- 9 | 10-12 | 13-15 || total
-------------------------+-------+-------+-------+-------+-------++-------
Melee: Dagger            |     6 |     6 |       |       |       ||    12
       Punch             |       |     1 |     1 |     2 |     2 ||     6
       Flail             |       |     3 |    34 |    54 |       ||    91
       Long sword        |       |       |       |    25 |    68 ||    93
 Cast: Foxfire           |    50 |    99 |   135 |   158 |     1 ||   443
       Magic Dart        |     4 |     4 |     1 |       |       ||     9
       Scorch            |     1 |    11 |    75 |   125 |     8 ||   220
       Corpse Rot        |       |     1 |       |     5 |     1 ||     7
       Ensorcelled Hiber |       |       |     3 |     4 |       ||     7
       Flame Wave        |       |       |     3 |    23 |       ||    26
       Conjure Flame     |       |       |     1 |     3 |       ||     4
       Leda's Liquefacti |       |       |     1 |       |     4 ||     5
       Summon Forest     |       |       |       |    24 |    11 ||    35
       Inner Flame       |       |       |       |     1 |       ||     1
       Summon Mana Viper |       |       |       |       |     6 ||     6
Evoke: Wand              |       |       |       |     4 |       ||     4
  Use: Scroll            |       |     4 |     3 |       |     1 ||     8
 Stab: Sleeping          |       |       |       |     2 |     1 ||     3
       Distracted        |       |       |       |       |     2 ||     2
Armor: Robe              |     6 |     6 |    11 |    36 |     7 ||    66
Dodge: Dodged            |    20 |    38 |    66 |   305 |    95 ||   524

Table legend: (Time is in decaauts)
 A = Elapsed time spent in this place.
 B = Non-inter-level travel time spent in this place.
 C = Inter-level travel time spent in this place.
 D = Time resting spent in this place.
 E = Time spent auto-exploring this place.
 F = Levels seen in this place.
 G = Mean time per level.
                   A        B        C        D        E       F      G
               +--------+--------+--------+--------+--------+-----+--------+
         Total |  21553 |  21044 |    509 |   4701 |  13253 |  15 | 1436.9 |
       Dungeon |  17173 |  16787 |    386 |   4074 |  10133 |  11 | 1561.2 |
        Temple |    214 |    177 |     37 |      0 |    163 |   1 |  214.0 |
          Lair |   4164 |   4079 |     85 |    627 |   2957 |   3 | 1388.0 |
               +--------+--------+--------+--------+--------+-----+--------+

Top non-repeatable levels by time:
    D:11: 2587 daAuts
     D:8: 2454 daAuts
     D:6: 2197 daAuts
  Lair:1: 2089 daAuts
  Lair:2: 1934 daAuts
     D:9: 1655 daAuts
     D:7: 1500 daAuts
    D:10: 1389 daAuts
     D:2: 1172 daAuts
     D:1: 1153 daAuts
     D:5: 1147 daAuts
     D:4: 1103 daAuts
     D:3: 813 daAuts
  Temple: 214 daAuts
  Lair:3: 140 daAuts
